 Dungeon Crawl Stone Soup version 0.31-a0-854-g362426d53f (webtiles) character file.

Game seed: 12213610174228813915

85 Shayle the Trooper (level 4, -3/35 HPs)
             Began as a Demonspawn Warper on Oct 8, 2023.
             Slain by an orc priest
             ... wielding a +0 war axe
              (7 damage)
             ... on level 3 of the Dungeon.
             The game lasted 00:02:53 (1697 turns).

Shayle the Trooper (Demonspawn Warper)              Turns: 1697, Time: 00:02:54

Health: -3/35      AC:  5    Str: 10    XL:     4   Next: 25%
Magic:  8/8        EV: 12    Int: 15    God:
Gold:   47         SH:  4    Dex: 17    Spells: 8/8 levels left

rFire   . . .        a - +0 spear
rCold   . . .        (no shield)
rNeg    . . .        b - +0 leather armour
rPois   .            (no helmet)
rElec   .            (no cloak)
rCorr   .            (no gloves)
SInv    .            (no boots)
Will    .....        g - amulet of regeneration
Stlth   +            (no ring)
HPRegen 1.05/turn    (no ring)
MPRegen 0.11/turn

%: no passive effects
@: no status effects
A: claws 1, yellow scales 1, spiny 1, large bone plates 1, agile 1
a: no special abilities


You were on level 3 of the Dungeon.
You visited 1 branch of the dungeon, and saw 3 of its levels.

You collected 47 gold pieces.

Inventory:

Hand Weapons
 a - a +0 spear (weapon)
 f - a +0 vampiric whip
Missiles
 d - 7 darts of dispersal (quivered)
Armour
 b - a +0 leather armour (worn)
Jewellery
 g - an amulet of regeneration (around neck)
Scrolls
 c - a scroll of blinking
 h - a scroll of fear {unknown}
 i - a scroll of enchant weapon {unknown}
 j - 2 scrolls of teleportation {unknown}
Potions
 e - a potion of mutation
 k - a potion of attraction {unknown}
 l - a potion of curing


   Skills:
 + Level 3.1 Fighting
 - Level 1.7 Polearms
 - Level 0.8 Throwing
 + Level 2.1 Armour
 - Level 1.7 Dodging
 + Level 2.9 Spellcasting
 - Level 2.6 Translocations


You had 8 spell levels left.
You didn't know any spells.
Your spell library contained the following spells:

 Spells                   Type           Power      Damage    Failure   Level
 Blink                    Tloc           20%        N/A       13%         2
 Lesser Beckoning         Tloc           20%        N/A       13%         2
 Teleport Other           Tloc           10%        N/A       26%         3
 Manifold Assault         Tloc           10%        N/A       65%         4
 Vhi's Electric Charge    Tloc/Air       12%        N/A       83%         4


Dungeon Overview and Level Annotations

Branches:
Dungeon (3/15)

Altars:


Innate Abilities, Weirdness & Mutations

You have sharp fingernails.
You are partially covered in yellow scales. (AC +2)
You are partially covered in sharp spines.
You are partially covered in large bone plates. (SH +4)
You are agile. (Dex +4, Str/Int -1)


Message History

The orc wizard hits you with a +0 dagger.
You hit the orc priest but do no damage.
The orc priest is lightly wounded.
The orc priest closely misses you. The orc wizard casts a spell at you.
You are confused.
The orc priest attacks as it pursues you!
The orc priest is struck by your spines.
The orc priest hits you with a +0 war axe.
You barely miss the orc priest.
The orc priest is moderately wounded.
The orc priest barely misses you.
You hit the orc priest.
The orc priest is heavily wounded.
The orc wizard casts a spell.
The orc wizard flickers and vanishes!
Deactivating autopickup; reactivate with Ctrl-A.
The orc priest closely misses you.
You bump into the rock wall.
Something hits you. The orc priest closely misses you.
You hit the orc priest but do no damage.
The orc priest is heavily wounded.
You feel less confused. Something hits you but does no damage.
The orc priest hits you with a +0 war axe!
You hit the orc priest but do no damage.
The orc priest is heavily wounded.
The orc priest hits you with a +0 war axe!
Something hits you but does no damage.
You barely miss the orc priest.
The orc priest is heavily wounded.
Something hits you. The orc priest closely misses you.
You hit the orc priest but do no damage.
The orc priest is heavily wounded.
You hear some strange, mumbled words.
A puff of flame appears from out of thin air!
The puff of flame hits you!
* * * LOW HITPOINT WARNING * * *
The orc priest hits you with a +0 war axe!
You die...

#..####.....#..####.#..#
#..#........#..# .....
#.......#...#..###..##...
..#.####...#.<..........
>.......................
..#.#####..........###..
..#.......)...........
........{o#..####.###
##.####<.@...# .#
#...###........ #...#
#......... #...# #####
+.... #.... #.... #....#


You could see an orc priest.

Vanquished Creatures
  An orc priest (D:2)
  An adder (D:3)
  A dart slug (D:1)
  2 orcs
  5 bats
  7 endoplasms
  A giant cockroach (D:1)
  5 goblins
  3 hobgoblins (D:2)
  4 jackals
  A quokka (D:1)
  2 frilled lizards (D:2)
  3 kobolds
  2 rats
38 creatures vanquished.

Notes
Turn   | Place    | Note
-------+----------+-------------------------------------------
     0 | D:1      | Shayle the Demonspawn Warper began the quest for the Orb.
     0 | D:1      | Reached XP level 1. HP: 16/16 MP: 3/3
    72 | D:1      | Reached skill level 1 in Armour
   216 | D:1      | Gained mutation: You are partially covered in sharp spines.
                  | [demonic ancestry]
   216 | D:1      | Reached XP level 2. HP: 21/22 MP: 5/5
   928 | D:2      | Gained mutation: You are partially covered in yellow
                  | scales. (AC +2) [demonic ancestry]
   928 | D:2      | Reached XP level 3. HP: 28/28 MP: 6/6
  1523 | D:2      | Gained mutation: You are agile. (Dex +4, Str/Int -1)
                  | [potion of mutation]
  1523 | D:2      | Gained mutation: You are partially covered in large bone
                  | plates. (SH +4) [potion of mutation]
  1533 | D:2      | Reached skill level 3 in Fighting
  1533 | D:2      | Gained mutation: You have sharp fingernails. [demonic
                  | ancestry]
  1533 | D:2      | Reached XP level 4. HP: 17/35 MP: 8/8
  1697 | D:3      | Slain by an orc priest

Illustrated notes

Levels and vault maps discovered:
D:1:      sevenhm_arrival_forest_fort_small_3, layout_basic
D:2:      layout_loops_ring
D:3:      layout_basic, uniq_jessica

Skill      XL: |  1  2  3 |
---------------+----------+-----
Armour         | 1 2 |  2.1
Fighting       | 3 |  3.1
Polearms       | |  1.7
Throwing       | |  0.8
Dodging        | |  1.7
Spellcasting   | |  2.9
Translocations | |  2.6

Action                     |  1- 3 |  4- 6 || total
---------------------------+-------+-------++-------
  Melee: Spear             |   122 |    17 ||   139
    Use: Potion            |     2 |       ||     2
   Stab: Sleeping          |     1 |       ||     1
 Armour: Leather armour    |    56 |    17 ||    73
  Dodge: Dodged            |    58 |     7 ||    65
  Block: Other             |     1 |     3 ||     4

Table legend: (Time is in decaauts)
 A = Elapsed time spent in this place.
 B = Non-inter-level travel time spent in this place.
 C = Inter-level travel time spent in this place.
 D = Time resting spent in this place.
 E = Time spent auto-exploring this place.
 F = Levels seen in this place.
 G = Mean time per level.
                   A        B        C        D        E       F      G
               +--------+--------+--------+--------+--------+-----+--------+
         Total |   1701 |   1665 |     36 |    151 |   1152 |   3 |  567.0 |
       Dungeon |   1701 |   1665 |     36 |    151 |   1152 |   3 |  567.0 |
               +--------+--------+--------+--------+--------+-----+--------+

Top non-repeatable levels by time:
     D:1: 801 daAuts
     D:2: 785 daAuts
     D:3: 114 daAuts
